 Dungeon Crawl Stone Soup version 0.27.1-1-g398f81649c (webtiles) character file.

Game seed: 2482516556543667502

1935 MisterFreud the Shield-Bearer (level 9, -1/73 HPs)
             Began as a Gnoll Fighter on Sept 10, 2021.
             Was an Initiate of Gozag.
             Killed from afar by a deep elf pyromancer (20 damage)
             ... with a bolt of fire
             ... on level 7 of the Dungeon.
             The game lasted 00:09:23 (7278 turns).

MisterFreud the Shield-Bearer (Gnoll Fighter)       Turns: 7278, Time: 00:09:25

Health: -1/73      AC: 16    Str: 15    XL:     9   Next: 17%
Magic:  15/15      EV: 14    Int: 11    God:    Gozag
Gold:   484        SH:  5    Dex:  8    Spells: 15/16 levels left

rFire    . . .     SeeInvis .   g - +3 spear (venom)
rCold    . . .     Faith    .   e - +0 buckler {AC+3}
rNeg     . . .     Spirit   .   w - +4 scale mail "Earthly Heaven" {+Inv rPois rCorr Dex-4}
rPois    +         Reflect  .   (no helmet)
rElec    .         Harm     .   (no cloak)
rCorr    +         Rampage  .   (no gloves)
Will     .....                  u - +0 pair of boots
Stlth    +.........             (no amulet)
HPRegen  0.22/turn              q - +4 ring of evasion
MPRegen  0.14/turn              (no ring)

@: no status effects
A: fangs 1, strong nose, distributed training
a: Renounce Religion, Evoke Invisibility, Potion Petition, Call Merchant, Bribe
Branch


You were on level 7 of the Dungeon.
You worshipped Gozag.
Gozag was aware of your devotion.
You visited 1 branch of the dungeon, and saw 7 of its levels.

You collected 556 gold pieces.
You paid 72 gold pieces to Gozag.

Inventory:

Hand Weapons
 a - a +0 rapier of flaming
 g - a +3 spear of venom (weapon)
Missiles
 t - 3 curare-tipped darts (quivered)
 z - 13 poisoned darts
Armour
 b - a +0 scale mail
 c - a +1 kite shield
 e - a +0 buckler of protection (worn)
 u - a +0 pair of boots (worn)
 w - the +4 scale mail "Earthly Heaven" (worn) {+Inv rPois rCorr Dex-4}
   (You took it off an orc on level 4 of the Dungeon)

   Dex:       It affects your dexterity (-4).
   rPois:     It protects you from poison.
   +Inv:      It lets you turn invisible.
   rCorr:     It protects you from acid and corrosion.
Jewellery
 q - a +4 ring of evasion (left hand)
Wands
 B - a wand of paralysis (13)
 D - a wand of iceblast (15)
 E - a wand of digging (4)
 F - a wand of flame (3)
Scrolls
 l - 4 scrolls of enchant weapon
 p - 4 scrolls of enchant armour
 r - a scroll of vulnerability
 s - 2 scrolls of teleportation
Potions
 d - a potion of might
 f - 3 potions of lignification
 j - 2 potions of magic
 k - 3 potions of invisibility
 m - 2 potions of brilliance
 n - 2 potions of heal wounds
 o - 2 potions of curing
 x - a potion of degeneration {unknown}
 C - a potion of cancellation {unknown}


   Skills:
 + Level 7.7 Fighting
 + Level 6.1 Short Blades
 + Level 4.0 Long Blades
 + Level 4.0 Axes
 + Level 4.0 Maces & Flails
 + Level 4.0 Polearms
 + Level 4.0 Staves
 + Level 4.0 Slings
 + Level 4.0 Bows
 + Level 4.0 Crossbows
 + Level 4.0 Throwing
 + Level 7.7 Armour
 + Level 4.0 Dodging
 + Level 4.0 Stealth
 + Level 7.7 Shields
 + Level 4.0 Unarmed Combat
 + Level 4.0 Spellcasting
 + Level 3.2 Conjurations
 + Level 3.2 Hexes
 + Level 3.2 Summonings
 + Level 3.2 Necromancy
 + Level 3.2 Translocations
 + Level 3.2 Transmutations
 + Level 3.2 Fire Magic
 + Level 3.2 Ice Magic
 + Level 3.2 Air Magic
 + Level 3.2 Earth Magic
 + Level 3.2 Poison Magic
 + Level 4.4 Invocations
 + Level 4.0 Evocations


You had 15 spell levels left.
You knew the following spells:

 Your Spells              Type           Power      Damage    Failure   Level
a - Apportation           Tloc           18%        N/A       21%         1

Your spell library contained the following spells:

 Spells                   Type           Power      Damage    Failure   Level
 Animate Skeleton         Necr           18%        N/A       21%         1
 Corona                   Hex            10%        N/A       21%         1
 Summon Small Mammal      Summ           36%        N/A       21%         1
 Conjure Flame            Conj/Fire      9%         6-21      52%         3
 Dazzling Flash           Conj/Hex       18%        N/A       52%         3
 Ignite Poison            Fire/Tmut/Pois 9%         N/A       52%         3
 Cause Fear               Hex            4%         N/A       89%         4
 Sticky Flame             Conj/Fire      9%         2d3       89%         4
 Agony                    Necr           9%         N/A       99%         5
 Silence                  Hex/Air        4%         N/A       99%         5
 Dragon Form              Tmut           4%         N/A       100%        7
 Dragon's Call            Summ           4%         N/A       100%        9


Dungeon Overview and Level Annotations

Branches:
Dungeon (7/15)             Temple (0/1) D:6

Altars:
Dithmenos
Gozag


Innate Abilities, Weirdness & Mutations

You have very sharp teeth.
Your uncanny sense of smell can sniff out nearby items.
Your experience applies equally to all skills.


Message History

The deep elf pyromancer barely misses you.
The fire elemental closely misses you.
Your scale mail "Earthly Heaven" prevents you from hitting the deep elf pyromancer.
Your bite misses the deep elf pyromancer.
The deep elf pyromancer is heavily wounded.
The fire elemental hits you. The fire elemental burns you!
The deep elf pyromancer closely misses you.
You closely miss the deep elf pyromancer.
The deep elf pyromancer is heavily wounded.
The fire elemental hits you. The fire elemental burns you!
The deep elf pyromancer hits you but does no damage.
The fire elemental hits you. The fire elemental burns you!
You puncture the deep elf pyromancer!
The deep elf pyromancer is severely wounded.
The deep elf pyromancer casts a spell.
The deep elf pyromancer blinks!
The fire elemental barely misses you.
The deep elf pyromancer points at you and mumbles some strange words.
The bolt of fire hits you! The fire elemental hits you.
The fire elemental burns you!
Unknown command.
The deep elf pyromancer looks more healthy.
The deep elf pyromancer hits you but does no damage.
You closely miss the deep elf pyromancer.
The deep elf pyromancer is severely wounded.
The fire elemental hits you. The fire elemental burns you!
* * * LOW HITPOINT WARNING * * *
The deep elf pyromancer hits you with a +0 rapier.
* * * LOW HITPOINT WARNING * * *
You hit the deep elf pyromancer.
The deep elf pyromancer is severely wounded.
The fire elemental barely misses you.
The deep elf pyromancer hits you but does no damage.
The fire elemental misses you.
You hit the deep elf pyromancer.
The deep elf pyromancer is poisoned.
The deep elf pyromancer is almost dead.
The fire elemental barely misses you.
The deep elf pyromancer gestures at you while chanting.
The bolt of fire hits you!!
You die...
Your body crumbles into a pile of gold.

.....> .#
............# #
..#.#......# ..
#..........#
#..#.#.#....#.#
............#.#
.......#....#.# #§##
.........○....###§§§#
#..e@E...#.##§#.#§
...............§§._.§
...#.#.#..#.#.##§#.#§
. ............###§§.#
..........###.# ##.##
.#.#.#.....##.# #.#
#.# #.#.#...##.# #.#
....#.#.#...##.# #.#
............##.####.#


You could see a deep elf pyromancer (very poisoned) and a fire elemental
(summoned).

Vanquished Creatures
  Grinder (D:6)
  Eustachio (D:4)
  A steam dragon (D:6)
  Edmund (D:4)
  Menkaure (D:6)
  Duvessa (D:6)
  A sky beast (D:5)
  An ice beast (D:6)
  An orc warrior (D:6)
  5 scorpions
  Dowan (D:6)
  A centaur skeleton (D:6)
  An orc priest (D:3)
  A jelly (D:5)
  3 iguanas (D:4)
  Natasha (twice) (D:4)
  An orc wizard (D:3)
  A killer bee zombie (D:7)
  A howler monkey zombie (D:5)
  A howler monkey skeleton (D:5)
  7 adders
  A white imp (D:5)
  4 worms
  2 dart slugs (D:1)
  20 orcs
  9 ball pythons
  7 endoplasms
  3 giant cockroaches
  10 goblins
  7 hobgoblins
  6 jackals
  A quokka (D:5)
  11 bats
  2 frilled lizards (D:1)
  7 kobolds
  3 rats
127 creatures vanquished.

Notes
Turn   | Place    | Note
-------+----------+-------------------------------------------
     0 | D:1      | MisterFreud the Gnoll Fighter began the quest for the Orb.
     0 | D:1      | Reached XP level 1. HP: 23/23 MP: 1/1
   108 | D:1      | Reached XP level 2. HP: 29/29 MP: 2/2
   429 | D:1      | Reached XP level 3. HP: 35/35 MP: 3/3
   779 | D:1      | Reached skill level 1 in Invocations
  1081 | D:2      | Reached skill level 1 in Long Blades
  1081 | D:2      | Reached skill level 1 in Axes
  1081 | D:2      | Reached skill level 1 in Maces & Flails
  1081 | D:2      | Reached skill level 1 in Polearms
  1081 | D:2      | Reached skill level 1 in Staves
  1081 | D:2      | Reached skill level 1 in Slings
  1081 | D:2      | Reached skill level 1 in Bows
  1081 | D:2      | Reached skill level 1 in Crossbows
  1081 | D:2      | Reached skill level 1 in Throwing
  1081 | D:2      | Reached skill level 1 in Dodging
  1081 | D:2      | Reached skill level 1 in Stealth
  1081 | D:2      | Reached skill level 1 in Unarmed Combat
  1081 | D:2      | Reached skill level 1 in Spellcasting
  1081 | D:2      | Reached skill level 1 in Evocations
  1123 | D:2      | Reached XP level 4. HP: 31/41 MP: 5/5
  1417 | D:2      | Reached skill level 1 in Conjurations
  1417 | D:2      | Reached skill level 1 in Hexes
  1417 | D:2      | Reached skill level 1 in Summonings
  1417 | D:2      | Reached skill level 1 in Necromancy
  1417 | D:2      | Reached skill level 1 in Translocations
  1417 | D:2      | Reached skill level 1 in Transmutations
  1417 | D:2      | Reached skill level 1 in Fire Magic
  1417 | D:2      | Reached skill level 1 in Ice Magic
  1417 | D:2      | Reached skill level 1 in Air Magic
  1417 | D:2      | Reached skill level 1 in Earth Magic
  1417 | D:2      | Reached skill level 1 in Poison Magic
  1869 | D:3      | Reached XP level 5. HP: 46/47 MP: 5/7
  2034 | D:3      | Found an opulent altar of Gozag.
  2129 | D:3      | You fall into a shaft and drop 1 floor!
  2151 | D:5      | Entered Level 5 of the Dungeon
  2429 | D:4      | Noticed Eustachio
  2442 | D:4      | Killed Eustachio
  2443 | D:4      | Reached skill level 5 in Short Blades
  2443 | D:4      | Reached XP level 6. HP: 30/53 MP: 7/9
  2971 | D:3      | You fall into a shaft and drop 2 floors!
  2985 | D:4      | Identified the +4 scale mail "Earthly Heaven" {+Inv rPois
                  | rCorr Dex-4}
  2996 | D:4      | Noticed Natasha
  3006 | D:4      | Killed Natasha
  3291 | D:4      | Noticed Natasha
  3297 | D:4      | Killed Natasha
  3298 | D:4      | Reached XP level 7. HP: 59/59 MP: 10/10
  3463 | D:4      | Noticed Edmund
  3479 | D:4      | Killed Edmund
  4124 | D:3      | Became a worshipper of Gozag Ym Sagoz the Greedy
  4586 | D:5      | Reached XP level 8. HP: 51/67 MP: 12/12
  5142 | D:6      | Noticed Grinder
  5161 | D:6      | Paralysed by Grinder for 5 turns
  5171 | D:6      | Killed Grinder
  5672 | D:6      | Noticed Menkaure
  5686 | D:6      | Killed Menkaure
  6223 | D:6      | Learned a level 1 spell: Apportation
  6313 | D:6      | Found a staircase to the Ecumenical Temple.
  6338 | D:6      | Noticed Dowan
  6339 | D:6      | Noticed Duvessa
  6703 | D:6      | Killed Duvessa
  6704 | D:6      | Reached XP level 9. HP: 59/72 MP: 14/14
  6709 | D:6      | Killed Dowan
  7021 | D:7      | Identified a scroll of acquirement
  7021 | D:7      | Acquired a +0 buckler of protection
  7234 | D:7      | Found a shadowy altar of Dithmenos.
  7262 | D:7      | Noticed a deep elf pyromancer
  7278 | D:7      | Killed from afar by a deep elf pyromancer

Illustrated notes

Levels and vault maps discovered:
D:1:      doesnt_arrival_eight_statues, layout_basic, minmay_octomino_j4
D:2:      layout_loops_ring
D:3:      layout_loops_ring, lemuel_round_altar
D:4:      layout_gridville, minmay_misc_feat_tower, minmay_crossroads,
          uniq_natasha, uniq_edmund, uniq_eustachio
D:5:      layout_rooms, patterned_corridor
D:6:      layout_gridville, minmay_temple_entry_antechambers, uniq_grinder,
          uniq_duvessa, uniq_menkaure
D:7:      layout_basic, grunt_dithmenos_smoke_and_mirrors, enter_bailey_2

Skill      XL: |  1  2  3  4  5  6  7  8  9 |
---------------+----------------------------+-----
Invocations    | 1 2 3 4 |  4.4
Long Blades    | 1 2 3 4 |  4.0
Axes           | 1 2 3 4 |  4.0
Maces & Flails | 1 2 3 4 |  4.0
Polearms       | 1 2 3 4 |  4.0
Staves         | 1 2 3 4 |  4.0
Slings         | 1 2 3 4 |  4.0
Bows           | 1 2 3 4 |  4.0
Crossbows      | 1 2 3 4 |  4.0
Throwing       | 1 2 3 4 |  4.0
Dodging        | 1 2 3 4 |  4.0
Stealth        | 1 2 3 4 |  4.0
Unarmed Combat | 1 2 3 4 |  4.0
Spellcasting   | 1 2 3 4 |  4.0
Evocations     | 1 2 3 4 |  4.0
Conjurations   | 1 2 3 |  3.2
Hexes          | 1 2 3 |  3.2
Summonings     | 1 2 3 |  3.2
Necromancy     | 1 2 3 |  3.2
Translocations | 1 2 3 |  3.2
Transmutations | 1 2 3 |  3.2
Fire Magic     | 1 2 3 |  3.2
Ice Magic      | 1 2 3 |  3.2
Air Magic      | 1 2 3 |  3.2
Earth Magic    | 1 2 3 |  3.2
Poison Magic   | 1 2 3 |  3.2
Short Blades   | 5 6 |  6.1
Fighting       | 7 |  7.7
Armour         | 7 |  7.7
Shields        | 7 |  7.7

Action                   |  1- 3 |  4- 6 |  7- 9 || total
-------------------------+-------+-------+-------++-------
Melee: Rapier            |    99 |    34 |    14 ||   147
       Bite              |     8 |    12 |    25 ||    45
       Spear             |       |   139 |   230 ||   369
Throw: Dart              |       |       |     1 ||     1
  Use: Scroll            |       |       |    15 ||    15
Armor: Scale mail        |    37 |    74 |    62 ||   173
Dodge: Dodged            |    21 |    56 |   116 ||   193
Block: Kite shield       |    40 |   110 |    97 ||   247
       Buckler           |       |       |     4 ||     4
